 Dungeon Crawl Stone Soup version 0.25-a0-41-g6cf4ce5 (webtiles) character file.

Game seed: 12602126178816110234, levelgen mode: deterministic

13597 pichaelthompson the Blocker (level 12, -2/96 HPs)
             Began as a Gnoll Fighter on Oct 21, 2019.
             Was a Priest of Ashenzari.
             Killed from afar by a raiju (shapeshifter) (11 damage)
             ... with a living lightning
             ... in a Gauntlet.
             The game lasted 00:29:03 (13134 turns).

pichaelthompson the Blocker (Gnoll Fighter)        Turns: 13134, Time: 00:29:04

Health: -2/96      AC: 23    Str: 20    XL:     12   Next: 7%
Magic:  22/22      EV:  9    Int: 11    God:    Ashenzari [***...]
Gold:   729        SH: 13    Dex: 18    Spells: 24/24 levels left

rFire    + . .     SeeInvis +   t - +9 dagger "Kaon" {elec, rF+ Stlth+} (curse)
rCold    . . .     Gourm    .   c - +0 shield (curse)
rNeg     + . .     Faith    .   b - +1 plate armour {rN+}
rPois    .         Spirit   .   E - +0 helmet
rElec    .         Reflect  .   H - +0 cloak
rCorr    .         Harm     .   F - +0 pair of gloves
MR       .....     NoTele   +   a - +2 pair of boots {run}
Stlth    ..........             y - amulet of regeneration
HPRegen  0.66/turn              (no ring)
MPRegen  0.18/turn              (no ring)

@: quick
A: distributed training, fangs 1, strong nose
a: Curse Item, Scrying, Renounce Religion


You were in a Gauntlet.
You worshipped Ashenzari.
Ashenzari was most pleased with you.
You were hungry.

You visited 3 branches of the dungeon, and saw 13 of its levels.
You also visited: Gauntlet.

You collected 1006 gold pieces.
You spent 277 gold pieces at shops.

Inventory:

Hand Weapons
 t - the cursed +9 dagger "Kaon" (weapon) {elec, rF+ Stlth+}
   (You found it on level 7 of the Dungeon)

   Occasionally, upon striking a foe, it will discharge some electrical energy
   and cause terrible harm.
   It protects you from fire.
   It makes you more stealthy.
   It has a curse placed upon it.
 w - the +4 spear of Lucenero {pierce, rC+}
   (You found it on level 4 of the Dungeon)

   It inflicts extra damage upon your enemies.
   It protects you from cold.
 K - a +0 trident of piercing
Missiles
 B - 4 boomerangs (quivered)
Armour
 a - a +2 pair of boots of running (worn)
 b - a +1 plate armour of positive energy (worn)
 c - a cursed +0 shield (worn)
 g - a scarf of cloud immunity
 E - a +0 helmet (worn)
 F - a +0 pair of gloves (worn)
 H - a +0 cloak (worn)
Jewellery
 y - an amulet of regeneration (around neck)
Wands
 p - a wand of random effects (14)
 C - a wand of flame (14)
Scrolls
 k - a scroll of amnesia {unknown}
 l - 4 scrolls of random uselessness {unknown}
 m - 3 scrolls of fog {unknown}
 n - 2 scrolls of enchant armour {unknown}
 o - 3 scrolls of fear {unknown}
 q - 2 scrolls of teleportation
 r - 4 scrolls of identify
 s - 3 scrolls of remove curse
 x - 6 scrolls of enchant weapon {unknown}
 z - a scroll of noise {unknown}
 D - 6 scrolls of blinking {unknown}
 G - a scroll of magic mapping {unknown}
Potions
 d - 4 potions of might
 i - 5 potions of curing
 j - 2 potions of flight
 u - 3 potions of magic
 v - 2 potions of lignification
 A - a potion of haste
 I - a potion of berserk rage {unknown}
 J - 3 potions of invisibility {unknown}
Comestibles
 f - 19 rations


   Skills:
 + Level 9.5 Fighting
 + Level 6.8(9.8) Short Blades
 + Level 6.8 Long Blades
 + Level 6.8 Axes
 + Level 6.8 Maces & Flails
 + Level 8.3 Polearms
 + Level 6.8 Staves
 + Level 6.8 Slings
 + Level 6.8 Bows
 + Level 6.8 Crossbows
 + Level 6.8 Throwing
 + Level 9.5 Armour
 + Level 6.8 Dodging
 + Level 6.8 Stealth
 + Level 9.5(11.3) Shields
 + Level 6.8 Unarmed Combat
 + Level 6.8 Spellcasting
 + Level 5.6 Conjurations
 + Level 5.6 Hexes
 + Level 5.6 Charms
 + Level 5.6 Summonings
 + Level 5.6 Necromancy
 + Level 5.6 Translocations
 + Level 5.6 Transmutations
 + Level 5.6 Fire Magic
 + Level 5.6 Ice Magic
 + Level 5.6 Air Magic
 + Level 5.6 Earth Magic
 + Level 5.6 Poison Magic
 + Level 7.4 Invocations
 + Level 6.8 Evocations


You had 24 spell levels left.
You didn't know any spells.
Your spell library contained the following spells:

 Spells                   Type           Power        Failure   Level  Hunger
 Magic Dart               Conj           ###.         45%         1    None
 Summon Small Mammal      Summ           ###.         45%         1    None
 Call Imp                 Summ           ###.....     58%         2    ##.....
 Searing Ray              Conj           ###...       58%         2    ##.....
 Call Canine Familiar     Summ           ###.....     83%         3    ###....
 Dazzling Spray           Conj/Hex       ###...       83%         3    ###....
 Summon Guardian Golem    Hex/Summ       ###.....     83%         3    ###....
 Force Lance              Conj/Tloc      ###.....     99%         4    ####...
 Fulminant Prism          Conj/Hex       ###.......   99%         4    ####...
 Iskenderun's Mystic Bla  Conj           ###.....     99%         4    ####...
 Summon Ice Beast         Ice/Summ       ###.....     99%         4    ####...
 Summon Lightning Spire   Summ/Air       ###.....     99%         4    ####...
 Bolt of Magma            Conj/Fire/Erth ###.......   100%        5    ######.
 Iskenderun's Battlesphe  Conj/Chrm      ###.....     100%        5    ######.
 Venom Bolt               Conj/Pois      ###.......   100%        5    ######.
 Iron Shot                Conj/Erth      ###.......   100%        6    #######
 Orb of Destruction       Conj           ###.......   100%        7    #######
 Spellforged Servitor     Conj/Summ      ###.......   100%        7    #######


Dungeon Overview and Level Annotations

Branches:
Dungeon (10/15)            Temple (1/1) D:4            Lair (0/6) D:9
    Orc (2/2) D:10        Gauntlet (1/1)
    Elf: Orc:2

Altars:
Ashenzari
Cheibriados
Dithmenos
Elyvilon
Fedhas
Gozag
Hepliaklqana
Kikubaaqudgha
Makhleb
Nemelex Xobeh
Okawaru
Qazlal
Ru
Sif Muna
Trog
Uskayaw
Vehumet
Wu Jian
Xom
Yredelemnul
Zin
The Shining One

Shops:
D:9 :%*}   D:10 ([   Orc:2 (

Annotations:
D:7 1 runed translucent door, Laraso's ghost, novice DsGl Gauntlet 11 transporters


Innate Abilities, Weirdness & Mutations

Your experience applies equally to all skills.
You have very sharp teeth.
Your uncanny sense of smell can sniff out nearby items.


Message History

The jumping spider pounces on you!
You are caught in a web!
The jumping spider bites you but does no damage.
The jumping spider changes into a redback!
The raiju bursts into living lightning!
The living lightning hits you!
* * * LOW HITPOINT WARNING * * *
The living lightning hits you!
* * * LOW HITPOINT WARNING * * *
The raiju blinks!
The redback bites you but does no damage.
You feel better. You block the redback's attack.
The redback bites you but does no damage.
You puncture the redback! Lightning courses through the redback!
You kill the redback!
The redback bites you but does no damage.
The raiju bursts into living lightning!
The living lightning hits you!
* * * LOW HITPOINT WARNING * * *
The living lightning hits you!
You die...

###..###########...#######
#8#≈..........§..≈........
###∩...∩......§.≈8§.......
#≈.............≈........
###..###########...#######
#8#..#.........#...#N^....
###..#.h.###...#...#c##..s
#..#..§s#...!#...#.#.#.#
###..#.#†@#..#.#...#..##.#
#8#.©#.######.©#...#..#t©.
###..#.#..#..#.#...#..##.#
#..#....#...[#...#.#.#.#
###..#...###...#...#.##..^
8#..#.........#...#.^....
*##..###########...#######
#.....#.©.#....≈....#.©.
###...8.#...#.8.≈8§.8.#...


You could see a raiju shaped shifter and a redback shaped shifter.

Vanquished Creatures
  An orc warlord (D:10)
  2 two-headed ogres (D:9)
  An orc knight (D:10)
  Pikel (D:9)
  Joseph (D:8)
  2 trolls (D:10)
  Grinder (D:6)
  A hippogriff (D:8)
  A redback (shapeshifter) (Gauntlet)
  2 basilisks (D:9)
  A hungry ghost (D:10)
  A vampire mosquito (D:8)
  2 wargs
  A water moccasin (D:9)
  4 porcupines (D:9)
  19 orc warriors
  2 sky beasts
  3 black bears (D:9)
  2 necrophages
  3 ice beasts
  3 eyes of draining
  3 wolves (D:9)
  5 centaurs
  11 ogres
  5 phantoms
  A crocodile (D:9)
  A big kobold (D:6)
  3 bullfrogs
  A gnoll sergeant (D:9)
  2 wights
  4 killer bees (D:7)
  An electric eel (D:8)
  A howler monkey (D:4)
  2 centaur zombies
  5 crimson imps
  6 hounds
  8 orc priests
  A bullfrog skeleton (D:6)
  2 jellies
  17 orc wizards
  Ijyb (D:4)
  2 centaur skeletons
  An iguana (D:7)
  14 worker ants
  A hound skeleton (D:8)
  3 gnolls (D:9)
  10 adders
  4 shadow imps
  3 oozes
  An adder zombie (D:10)
  An adder skeleton (D:5)
  3 worms
  3 dart slugs
  2 leopard geckos
  64 orcs
  7 giant cockroaches
  8 hobgoblins
  4 jackals (D:2)
  4 quokkas
  2 ball pythons
  7 bats
  4 frilled lizards
  A giant cockroach zombie (D:5)
  10 goblins
  A jackal skeleton (D:6)
  5 kobolds
  2 leopard gecko skeletons (D:4)
  25 rats
326 creatures vanquished.

Vanquished Creatures (others)
  3 demonic plants (Gauntlet)
  A fungus (D:9)
  2 plants (D:9)
6 creatures vanquished.

Grand Total: 332 creatures vanquished

Notes
Turn   | Place    | Note
-------+----------+-------------------------------------------
     0 | D:1      | pichaelthompson the Gnoll Fighter began the quest for the
                  | Orb.
     0 | D:1      | Reached XP level 1. HP: 23/23 MP: 1/1
   120 | D:1      | Reached XP level 2. HP: 29/29 MP: 2/2
   834 | D:1      | Reached XP level 3. HP: 35/35 MP: 3/3
  1186 | D:2      | Reached skill level 1 in Invocations
  1315 | D:2      | Reached skill level 1 in Short Blades
  1315 | D:2      | Reached skill level 1 in Long Blades
  1315 | D:2      | Reached skill level 1 in Axes
  1315 | D:2      | Reached skill level 1 in Maces & Flails
  1315 | D:2      | Reached skill level 1 in Staves
  1315 | D:2      | Reached skill level 1 in Slings
  1315 | D:2      | Reached skill level 1 in Bows
  1315 | D:2      | Reached skill level 1 in Crossbows
  1315 | D:2      | Reached skill level 1 in Throwing
  1315 | D:2      | Reached skill level 1 in Dodging
  1315 | D:2      | Reached skill level 1 in Stealth
  1315 | D:2      | Reached skill level 1 in Unarmed Combat
  1315 | D:2      | Reached skill level 1 in Spellcasting
  1315 | D:2      | Reached skill level 1 in Evocations
  1426 | D:2      | Reached XP level 4. HP: 41/41 MP: 5/5
  1786 | D:3      | Reached skill level 1 in Conjurations
  1786 | D:3      | Reached skill level 1 in Hexes
  1786 | D:3      | Reached skill level 1 in Charms
  1786 | D:3      | Reached skill level 1 in Summonings
  1786 | D:3      | Reached skill level 1 in Necromancy
  1786 | D:3      | Reached skill level 1 in Translocations
  1786 | D:3      | Reached skill level 1 in Transmutations
  1786 | D:3      | Reached skill level 1 in Fire Magic
  1786 | D:3      | Reached skill level 1 in Ice Magic
  1786 | D:3      | Reached skill level 1 in Air Magic
  1786 | D:3      | Reached skill level 1 in Earth Magic
  1786 | D:3      | Reached skill level 1 in Poison Magic
  1989 | D:3      | Reached XP level 5. HP: 47/47 MP: 6/6
  2889 | D:4      | Found a staircase to the Ecumenical Temple.
  2898 | Temple   | Entered the Ecumenical Temple
  3090 | D:4      | Noticed a phantom
  3113 | D:4      | Killed a phantom
  3113 | D:4      | Reached XP level 6. HP: 45/53 MP: 8/8
  3272 | D:4      | Reached skill level 5 in Polearms
  3803 | D:4      | Reached XP level 7. HP: 13/59 MP: 10/10
  4089 | D:4      | Noticed Ijyb
  4104 | D:4      | HP: 1/59 [acid (9)]
  4125 | D:4      | Killed Ijyb
  4494 | D:4      | Got a dazzling spear
  4495 | D:4      | Identified the +4 spear of Lucenero {pierce, rC+} (You
                  | found it on level 4 of the Dungeon)
  5248 | D:5      | Entered Level 5 of the Dungeon
  5259 | D:5      | Found a blossoming altar of Fedhas.
  5294 | D:5      | Reached XP level 8. HP: 54/67 MP: 12/12
  6064 | D:6      | Noticed Grinder
  6071 | D:6      | Paralysed by Grinder for 6 turns
  6079 | D:6      | Killed Grinder
  6686 | D:6      | Found a bloodstained altar of Trog.
  6717 | D:6      | Reached XP level 9. HP: 55/72 MP: 0/14
  6821 | D:7      | Noticed Laraso's ghost (novice DsGl)
  6828 | D:7      | Found a runed translucent door.
  7100 | D:7      | Got a scorched dagger
  7101 | D:7      | Identified the +9 dagger "Kaon" {elec, rF+ Stlth+} (You
                  | found it on level 7 of the Dungeon)
  7398 | D:8      | Noticed Joseph
  7429 | D:8      | Killed Joseph
  7589 | D:8      | Found a shattered altar of Ashenzari.
  7605 | D:8      | Became a worshipper of Ashenzari the Shackled
  7726 | D:8      | Reached skill level 5 in Invocations
  7895 | D:8      | Reached XP level 10. HP: 70/80 MP: 15/17
  8355 | D:8      | Reached * piety under Ashenzari
  8916 | D:8      | Reached skill level 5 in Short Blades
  8916 | D:8      | Reached skill level 5 in Long Blades
  8916 | D:8      | Reached skill level 5 in Axes
  8916 | D:8      | Reached skill level 5 in Maces & Flails
  8916 | D:8      | Reached skill level 5 in Staves
  8916 | D:8      | Reached skill level 5 in Slings
  8916 | D:8      | Reached skill level 5 in Bows
  8916 | D:8      | Reached skill level 5 in Crossbows
  8916 | D:8      | Reached skill level 5 in Throwing
  8916 | D:8      | Reached skill level 5 in Dodging
  8916 | D:8      | Reached skill level 5 in Stealth
  8916 | D:8      | Reached skill level 5 in Unarmed Combat
  8916 | D:8      | Reached skill level 5 in Spellcasting
  8916 | D:8      | Reached skill level 5 in Evocations
  9005 | D:9      | Noticed a two-headed ogre
  9011 | D:9      | Killed a two-headed ogre
  9218 | D:9      | Found a sparkling altar of Nemelex Xobeh.
  9295 | D:9      | Found a staircase to the Lair.
  9544 | D:9      | Found Qyibaegh's Gadget Shop.
  9699 | D:9      | Found Bosh's Book Emporium.
  9708 | D:9      | Reached XP level 11. HP: 87/87 MP: 19/19
  9822 | D:9      | Found Sischonn's Assorted Antiques.
  9879 | D:9      | Bought a pair of glowing boots for 277 gold pieces
  9884 | D:9      | Identified a +2 pair of boots of running (You bought it in
                  | a shop on level 9 of the Dungeon)
  9892 | D:9      | Noticed a two-headed ogre
  9904 | D:9      | Killed a two-headed ogre
  9905 | D:9      | Found Ipreblah's Food Emporium.
  9926 | D:9      | Noticed Pikel
  9934 | D:9      | Killed Pikel
  9940 | D:9      | Reached skill level 5 in Conjurations
  9940 | D:9      | Reached skill level 5 in Hexes
  9940 | D:9      | Reached skill level 5 in Charms
  9940 | D:9      | Reached skill level 5 in Summonings
  9940 | D:9      | Reached skill level 5 in Necromancy
  9940 | D:9      | Reached skill level 5 in Translocations
  9940 | D:9      | Reached skill level 5 in Transmutations
  9940 | D:9      | Reached skill level 5 in Fire Magic
  9940 | D:9      | Reached skill level 5 in Ice Magic
  9940 | D:9      | Reached skill level 5 in Air Magic
  9940 | D:9      | Reached skill level 5 in Earth Magic
  9940 | D:9      | Reached skill level 5 in Poison Magic
 10296 | D:10     | Entered Level 10 of the Dungeon
 10362 | D:10     | Found Etaar's Weapon Shoppe.
 10381 | D:10     | Found a staircase to the Orcish Mines.
 10391 | D:10     | Found Otel Fai's Armour Shoppe.
 10530 | D:10     | Got the uncursed scale mail of Immorality {rC+}
 10541 | D:10     | Identified the +1 scale mail of Immorality {rC+} (You found
                  | it on level 10 of the Dungeon)
 10605 | D:10     | Reached ** piety under Ashenzari
 10610 | D:10     | Found a shadowy altar of Dithmenos.
 10901 | Orc:1    | Entered Level 1 of the Orcish Mines
 10901 | Orc:1    | Noticed an orc warlord
 10903 | Orc:1    | Noticed an orc knight
 11756 | D:10     | Killed an orc warlord
 12108 | D:10     | Killed an orc knight
 12435 | Orc:1    | Reached XP level 12. HP: 89/96 MP: 22/22
 12741 | Orc:2    | Entered Level 2 of the Orcish Mines
 12741 | Orc:2    | Found a gate leading to a gauntlet.
 12741 | Orc:2    | Noticed an orc warlord
 12770 | Orc:2    | Found Befeam's Weapon Boutique.
 12770 | Orc:2    | Noticed a two-headed ogre
 12771 | Orc:2    | Noticed an ogre mage
 12771 | Orc:2    | Noticed a two-headed ogre
 12815 | Gauntlet | Entered a Gauntlet
 12815 | Gauntlet | Found a transporter.
 12815 | Gauntlet | Found a transporter.
 12815 | Gauntlet | Found a transporter.
 12838 | Gauntlet | Found a transporter.
 12838 | Gauntlet | Found a transporter.
 12854 | Gauntlet | Found a transporter.
 12878 | Gauntlet | Found a transporter.
 12885 | Gauntlet | Noticed an anaconda
 12902 | Gauntlet | Found a transporter.
 12908 | Gauntlet | Found a transporter.
 12924 | Gauntlet | Reached *** piety under Ashenzari
 12926 | Gauntlet | Found a transporter.
 12934 | Gauntlet | Found a transporter.
 12952 | Gauntlet | Found a transporter.
 13134 | Gauntlet | Killed from afar by a raiju (shapeshifter)

Levels and vault maps discovered:
D:1:      dpeg_arrival_line_fractal, layout_loops_corners
D:2:      layout_rooms, first_ration
D:3:      layout_basic, minmay_rat_hole
D:4:      minmay_clustersquares, layout_basic, minmay_temple_entry_junction_2,
          supply_closet_lemuel, glass_columns_c, grunt_decor_one_mirror,
          kennysheep_generic_room_8, uniq_ijyb
D:5:      layout_cave_pools, fedhas_altar_2
D:6:      layout_rooms, trog_eyes_of_draining, uniq_grinder
D:7:      layout_rooms, hellmonk_ghost_happy_afterlife, grunt_ogre_cave
D:8:      layout_basic, cheibrodos_ashenzari_chains, hangedman_decor_slide_cut,
          zaba_anthole, kennysheep_island_fort, uniq_joseph
D:9:      layout_basic, minmay_lair_entry_grove, serial_shops, shop_statue,
          nicolae_shop_waterfront, nicolae_shop_window_shopping, shop,
          st_stairs_13, hangedman_decor_peaks_small,
          nemelex_xobeh_ov_fountains_minmay, uniq_pikel
D:10:     layout_big_octagon, orc_david_3, grunt_ministairs_12,
          grunt_dithmenos_shadows
Temple:   kilobyte_greek_temple
Orc:1:    layout_caves
Orc:2:    st_orc_open, layout_caves, serial_shops, shop, gauntlet_entry_generic
Gauntlet: gammafunk_gauntlet_shortcut [gammafunk_gauntlet_arena_arrow_garden,
          gammafunk_gauntlet_arena_split_diamond,
          nicolae_gauntlet_arena_t_cross, gammafunk_gauntlet_arena_chambers,
          nicolae_gauntlet_swirl, gammafunk_gauntlet_arena_corners,
          nicolae_gauntlet_exit_dead_adventurers]

Skill      XL: |  1  2  3  4  5  6  7  8  9 10 11 |
---------------+----------------------------------+-----
Invocations    | 1 2 3 4 5 6 7 |  7.4
Short Blades   | 1 2 3 4 5 6 |  6.8
Long Blades    | 1 2 3 4 5 6 |  6.8
Axes           | 1 2 3 4 5 6 |  6.8
Maces & Flails | 1 2 3 4 5 6 |  6.8
Staves         | 1 2 3 4 5 6 |  6.8
Slings         | 1 2 3 4 5 6 |  6.8
Bows           | 1 2 3 4 5 6 |  6.8
Crossbows      | 1 2 3 4 5 6 |  6.8
Throwing       | 1 2 3 4 5 6 |  6.8
Dodging        | 1 2 3 4 5 6 |  6.8
Stealth        | 1 2 3 4 5 6 |  6.8
Unarmed Combat | 1 2 3 4 5 6 |  6.8
Spellcasting   | 1 2 3 4 5 6 |  6.8
Evocations     | 1 2 3 4 5 6 |  6.8
Conjurations   | 1 2 3 4 5 |  5.6
Hexes          | 1 2 3 4 5 |  5.6
Charms         | 1 2 3 4 5 |  5.6
Summonings     | 1 2 3 4 5 |  5.6
Necromancy     | 1 2 3 4 5 |  5.6
Translocations | 1 2 3 4 5 |  5.6
Transmutations | 1 2 3 4 5 |  5.6
Fire Magic     | 1 2 3 4 5 |  5.6
Ice Magic      | 1 2 3 4 5 |  5.6
Air Magic      | 1 2 3 4 5 |  5.6
Earth Magic    | 1 2 3 4 5 |  5.6
Poison Magic   | 1 2 3 4 5 |  5.6
Polearms       | 5 6 7 8 |  8.3
Fighting       | 7 8 9 |  9.5
Armour         | 7 8 9 |  9.5
Shields        | 7 8 9 |  9.5

Action                   |  1- 3 |  4- 6 |  7- 9 | 10-12 || total
-------------------------+-------+-------+-------+-------++-------
Melee: Trident           |   114 |   238 |    48 |       ||   400
       Bite              |     7 |    26 |    55 |    74 ||   162
       Spear             |       |       |   293 |       ||   293
       Dagger            |       |       |    63 |   510 ||   573
Throw: Boomerang         |       |       |    20 |    41 ||    61
Invok: Curse Item        |       |       |     2 |       ||     2
Evoke: Wand              |       |       |     1 |     5 ||     6
  Use: Potion            |       |       |     4 |     1 ||     5
       Scroll            |       |       |       |     8 ||     8
 Stab: Sleeping          |       |       |     1 |     3 ||     4
  Eat: Chunk             |     2 |     4 |    13 |    14 ||    33
       Ration            |       |     1 |       |     1 ||     2
Armor: Scale mail        |    48 |    84 |    64 |    65 ||   261
       Plate armour      |       |       |    26 |    19 ||    45
       Chain mail        |       |       |       |   101 ||   101
Dodge: Dodged            |    45 |    60 |    88 |   193 ||   386
Block: Shield            |    53 |   130 |   171 |   291 ||   645

Table legend:
 A = Non-vault XP
 B = Vault XP
 C = Vault XP percentage of total XP
 D = Non-vault monster count
 E = Vault monster count
 F = Vault count percentage of total count
                 A         B        C        D         E       F
            +---------+---------+-------+---------+---------+-------
      Total |   14196 |    5229 |  26.9 |     256 |      70 |  21.5
            +---------+---------+-------+---------+---------+-------
        D:1 |      34 |       0 |   0.0 |      17 |       0 |   0.0
        D:2 |      84 |       0 |   0.0 |      26 |       0 |   0.0
        D:3 |      86 |      20 |  18.9 |      27 |      19 |  41.3
        D:4 |     396 |     472 |  54.4 |      20 |      13 |  39.4
        D:5 |     399 |       0 |   0.0 |      15 |       0 |   0.0
        D:6 |     443 |     759 |  63.1 |      17 |       5 |  22.7
        D:7 |     740 |     125 |  14.5 |      15 |       1 |   6.2
        D:8 |    1440 |     782 |  35.2 |      19 |       7 |  26.9
        D:9 |    3620 |    2298 |  38.8 |      30 |      14 |  31.8
       D:10 |    5973 |     553 |   8.5 |      46 |      10 |  17.9
      Orc:1 |     981 |       0 |   0.0 |      24 |       0 |   0.0
   Gauntlet |       0 |     220 | 100.0 |       0 |       1 | 100.0
            +---------+---------+-------+---------+---------+-------
